AoeStats
← 佞臣

Arena

508640286Analyzed
2v2 RM · 10d ago on Sep 23, 2026· 44m 28s· 4 players
Game mode
Random Map
Map size
Medium (4 player)
Population
200
Speed
Normal
Resources
Standard
Victory
Conquest
Starting age
Dark Age
Ending age
Imperial Age
RankedLock teamsTeams togetherTeam positionsShared explorationLock speedFull tech treeHidden civsTurbo modeCheats
Victory
Defeat
🇨🇳 Varangians · China
963
+14
🇨🇳 Bohemians · China
910
+17
🇹🇼 Portuguese · Taiwan
934
-16
🇹🇼 Saxons · Taiwan
904
-15
Heisenberg
8:24 Loom
10:33 Feudal Age
16:06 Castle Age
14:28 Double-Bit Axe
14:53 Horse Collar
21:17 Fletching
22:01 Heavy Plow
22:19 Gold Mining
22:20 Stone Mining
27:19 Wheelbarrow
30:00 Imperial Age
27:43 Padded Archer Armor
30:53 Ballistics
30:21 Treadmill Crane
31:42 Chemistry
31:05 Siege Engineers
31:42 Conscription
31:43 Bodkin Arrow
31:52 Town Watch
34:01 Arquebus
34:41 Elite Organ Gun
36:30 Bombard Tower
41:11 Bracer
許瑞德
0:40 Loom
10:59 Feudal Age
14:39 Wheelbarrow
17:42 Castle Age
15:52 Double-Bit Axe
16:19 Horse Collar
19:24 Heavy Plow
21:30 Bow Saw
24:55 Fletching
26:21 Town Watch
29:56 Hand Cart
36:13 Town Patrol
佞臣
10:42 Feudal Age
13:45 Wheelbarrow
14:00 Double-Bit Axe
17:40 Castle Age
15:43 Horse Collar
21:34 Bow Saw
20:58 Light Cavalry
21:56 Forging
27:51 Hand Cart
31:40 Imperial Age
30:30 Iron Casting
29:56 Scale Mail Armor
29:40 Pikeman
30:22 Squires
31:18 Husbandry
31:58 Scale Barding Armor
31:56 Padded Archer Armor
33:04 Cavalier
34:51 Conscription
35:58 Chemistry
35:18 Ballistics
36:51 Blast Furnace
38:01 Caravan
39:39 Chain Barding Armor
39:36 Leather Archer Armor
39:36 Chain Mail Armor
39:09 Houfnice
41:29 Two-Man Saw
40:49 Hussite Reforms
41:55 Wagenburg Tactics
42:25 Redemption
42:15 Atonement
42:26 Fervor
42:31 Block Printing
42:43 Illumination
42:19 Devotion
42:39 Sanctity
42:39 Heresy
42:55 Theocracy
42:15 Herbal Medicine
42:47 Onager
43:42 Siege Engineers
每天都打原神
10:49 Feudal Age
11:25 Double-Bit Axe
13:57 Wheelbarrow
16:07 Castle Age
14:10 Stone Mining
14:58 Gold Mining
16:25 Loom
17:39 Bow Saw
24:13 Fletching
25:27 Horse Collar
27:53 Heavy Plow
28:35 Stone Shaft Mining
32:10 Imperial Age
29:27 Town Watch
30:39 Hand Cart
30:25 Bodkin Arrow
30:53 Ballistics
30:46 Masonry
32:19 Scale Barding Armor
32:45 Treadmill Crane
33:36 Architecture
33:44 Conscription
34:03 Crop Rotation
34:37 Two-Man Saw
35:04 Chain Barding Armor
34:54 Forging
36:59 Plate Barding Armor
36:18 Elite Jarl
37:51 Husbandry
38:01 Bloodlines
38:43 Iron Casting
37:49 Vendel Legacy
37:59 Light Cavalry
39:04 Cavalier
41:32 Blast Furnace
42:35 Bracer
43:20 Hussar
Connection lost

Rejoining the realm…

Still unreachable

The connection could not be restored.

Session expired

The server has moved on; the page needs a fresh start.